 Dungeon Crawl Stone Soup version 0.28.0-1-gb440e238dd (webtiles) character file.

Game seed: 12304158244058298882

9075 fknight the Basher (level 11, 0/84 HPs)
             Began as a Human Berserker on Feb 20, 2022.
             Was a High Priest of Trog.
             Killed from afar by Jorgrun (25 damage)
             ... with an iron shot
             ... while petrified by Jorgrun
             ... on level 2 of the Orcish Mines.
             The game lasted 01:21:16 (13740 turns).

fknight the Basher (Human Berserker)               Turns: 13740, Time: 01:21:16

Health: 0/84       AC: 34    Str: 28    XL:     11   Next: 67%
Magic:  11/11      EV:  2    Int:  7    God:    Trog [*****.]
Gold:   1065       SH:  0    Dex: 13    Spells: 10/10 levels left

rFire   . . .      SeeInvis .   E - +4 flail (protect)
rCold   . . .      Faith    .   (no shield)
rNeg    + + +      Spirit   .   R - +1 crystal plate armour
rPois   ∞          Reflect  +   x - +0 helmet
rElec   .          Harm     .   F - +0 cloak
rCorr   .          Rampage  .   j - +3 pair of gauntlets of War {Slay+5}
Will    .....                   (no boots)
Stlth   ..........              d - amulet of reflection
HPRegen 0.24/turn               B - ring of poison resistance
MPRegen 0.12/turn               L - +6 ring of strength

@: petrified, under a protective aura
A: no striking features
a: Renounce Religion, Berserk, Trog's Hand, Brothers in Arms


You were on level 2 of the Orcish Mines.
You worshipped Trog.
Trog was extremely pleased with you.
You visited 3 branches of the dungeon, and saw 12 of its levels.
You also visited: Bailey.

You collected 1715 gold pieces.
You spent 650 gold pieces at shops.

Inventory:

Hand Weapons
 a - a +0 shortbow
 h - a +0 long sword of chaos
 o - a +0 mace of protection
 q - a +4 war axe
 w - a +1 scimitar of electrocution
 C - a +0 dagger of electrocution
 D - a +2 flail of draining
 E - a +4 flail of protection (weapon)
 H - a +0 club
 K - a +3 great sword
 O - a +4 short sword of freezing
 P - a +5 quick blade
 Q - a +0 short sword of holy wrath
 U - a +2 short sword of venom
 X - a +3 flail of freezing
 Y - a +6 scimitar of freezing
 Z - a +3 mace
Missiles
 b - 3 throwing nets
 c - 160 arrows
 f - 252 stones
 g - 20 poisoned darts
 i - 3 boomerangs (quivered)
 m - 55 bolts
Armour
 j - the +3 pair of gauntlets of War (worn) {Slay+5}
   (You acquired it on level 3 of the Dungeon)

   Slay:      It affects your accuracy & damage with ranged weapons and melee
   (+5).
 k - +0 steam dragon scales
 l - a +0 plate armour
 p - the +0 ring mail "Ratykona" {rCorr MP+9 Dex+4}
   (You found it on level 2 of the Dungeon)

   Dex:       It affects your dexterity (+4).
   MP:        It affects your magic capacity (+9).
   rCorr:     It protects you from acid and corrosion.
 x - a +0 helmet (worn)
 y - a +0 plate armour
 F - a +0 cloak (worn)
 G - a +2 chain mail of willpower
 R - a +1 crystal plate armour (worn)
 T - +0 ice dragon scales
Jewellery
 d - an amulet of reflection (around neck)
 n - a ring of see invisible
 v - a ring of fire
 z - a ring of willpower
 B - a ring of poison resistance (left hand)
 L - a +6 ring of strength (right hand)
 N - a ring of flight
 S - an amulet of the acrobat
Wands
 s - a wand of mindburst (14)
 t - a wand of paralysis (12)
 u - a wand of polymorph (7)
 J - a wand of flame (68)
 M - a wand of iceblast (6)
Scrolls
 r - a scroll of amnesia
 I - a scroll of identify
 W - 2 scrolls of immolation
Potions
 e - 4 potions of mutation
 A - 3 potions of attraction


   Skills:
 + Level 7.6 Fighting
 + Level 2.0(3.7) Short Blades
 + Level 4.8(5.1) Long Blades
 + Level 10.2 Maces & Flails
 + Level 6.9 Throwing
 + Level 7.9 Armour
 + Level 2.6 Dodging
 + Level 1.1 Stealth
 + Level 4.5 Shields


You had 10 spell levels left.
You didn't know any spells.
Your spell library was empty.

Dungeon Overview and Level Annotations

Branches:
Dungeon (9/15)             Temple (1/1) D:7             Orc (2/2) D:9
 Bailey (visited)
   Lair: D:8-11         Elf: Orc:2

Altars:
Ashenzari
Cheibriados
Dithmenos
Elyvilon
Fedhas
Gozag
Hepliaklqana
Kikubaaqudgha
Makhleb
Nemelex Xobeh
Okawaru
Qazlal
Ru
Sif Muna
Trog
Uskayaw
Vehumet
Wu Jian
Xom
Yredelemnul
Zin
The Shining One

Shops:
D:3 =!:   D:4 (   D:8 [   Orc:1 :

Annotations:
Orc:2 Jorgrun


Message History

Your punch misses Jorgrun.
Jorgrun is moderately wounded.
Jorgrun hits you but does no damage. The grasping roots constrict you.
You closely miss Jorgrun.
Jorgrun is moderately wounded.
Jorgrun hits you with a +0 vorpal quarterstaff.
The grasping roots constrict you!
You hit Jorgrun but do no damage.
Jorgrun is moderately wounded.
You block Jorgrun's attack. The grasping roots constrict you!
You closely miss Jorgrun.
Jorgrun is moderately wounded.
Jorgrun hits you but does no damage. The grasping roots constrict you.
* * * LOW HITPOINT WARNING * * *
You closely miss Jorgrun.
Jorgrun is moderately wounded.
Jorgrun barely misses you. The grasping roots constrict you.
You miss Jorgrun.
Jorgrun is moderately wounded.
You block Jorgrun's attack. The grasping roots constrict you.
* * * LOW HITPOINT WARNING * * *
You closely miss Jorgrun.
Jorgrun is moderately wounded.
The grasping roots release their grip on you.
You sock Jorgrun!
Your weapon exudes an aura of protection.
Jorgrun is heavily wounded.
Jorgrun gestures at you while chanting.
You are slowing down.
You barely miss Jorgrun.
Jorgrun is heavily wounded.
You block Jorgrun's attack. Jorgrun hits you but does no damage.
Your limbs are stiffening.
You thump Jorgrun! You punch Jorgrun.
Jorgrun is heavily wounded.
Jorgrun says, "May tha earth consume ye!"
Jorgrun hits you but does no damage.
You have turned to stone.
Jorgrun gestures at you while chanting. The iron shot hits you!!!
You die...

....... ....
........ ....
....#... .....
...#.... .)...
..#.....##))....
.......#.#......
................
........@g......
...#.##<#.......
##..##.##. .## #
##


You could see Jorgrun.

Vanquished Creatures
  A two-headed ogre (D:8)
  A cyclops (D:9)
  2 trolls (Orc:1)
  2 hornets (D:9)
  5 yaks (D:8)
  2 steam dragons
  A warg (Orc:1)
  4 water moccasins
  An ice beast (D:7)
  12 orc warriors
  A hornet zombie (D:6)
  2 necrophages
  A sky beast (D:7)
  A black bear (D:8)
  6 wolves (Bailey)
  A centaur (D:7)
  7 ogres
  A phantom (D:5)
  9 gnoll sergeants (Bailey)
  A kobold brigand (D:9)
  2 bullfrogs (D:8)
  A water moccasin zombie (D:5)
  A wyvern skeleton (D:7)
  4 howler monkeys
  8 wights (D:8)
  A centaur zombie (D:9)
  3 jellies (D:5)
  3 hounds
  8 orc priests
  2 bullfrog skeletons (D:5)
  2 centaur skeletons
  5 gnoll shamans
  2 iguanas
  14 orc wizards
  2 killer bee zombies (D:8)
  A hound zombie (D:5)
  A hound skeleton (D:4)
  18 gnolls
  9 adders
  A white imp (D:5)
  An adder skeleton (D:4)
  6 worms
  A dart slug (D:4)
  51 orcs
  4 bats
  3 endoplasms
  2 giant cockroaches
  8 goblins
  10 hobgoblins
  6 jackals
  4 quokkas
  6 ball pythons
  4 frilled lizards
  12 kobolds
  10 rats
277 creatures vanquished.

Vanquished Creatures (others)
  An orc (Orc:1)
  A fungus (D:1)
  A plant (D:1)
3 creatures vanquished.

Grand Total: 280 creatures vanquished

Notes
Turn   | Place    | Note
-------+----------+-------------------------------------------
     0 | D:1      | fknight the Human Berserker began the quest for the Orb.
     0 | D:1      | Reached XP level 1. HP: 18/18 MP: 1/1
   140 | D:1      | Found a faded altar of an unknown god.
   262 | D:1      | Reached XP level 2. HP: 9/24 MP: 2/2
  1255 | D:1      | Reached XP level 3. HP: 29/29 MP: 3/3
  1674 | D:2      | Reached ** piety under Trog
  1679 | D:2      | Identified the +0 ring mail "Ratykona" {rCorr MP+9 Dex+4}
  1773 | D:2      | Reached XP level 4. HP: 35/35 MP: 4/4
  3063 | D:3      | Found Hearhai's Jewellery Shoppe.
  3114 | D:3      | Reached XP level 5. HP: 30/41 MP: 5/5
  3665 | D:3      | Found Woaggamo's Distillery.
  3688 | D:3      | Bought a potion of curing for 39 gold pieces
  3829 | D:3      | Found Taet's Book Boutique.
  4153 | D:3      | Identified a scroll of acquirement
  4153 | D:3      | Acquired the +3 pair of gauntlets of War {Slay+5}
  4153 | D:3      | Found the +3 pair of gauntlets of War {Slay+5}
  4723 | D:3      | Bought a potion of might for 52 gold pieces
  4930 | D:4      | Reached skill level 1 in Short Blades
  4930 | D:4      | Reached XP level 6. HP: 48/48 MP: 6/6
  4933 | D:4      | Reached *** piety under Trog
  4934 | D:4      | Reached skill level 1 in Throwing
  4939 | D:4      | Noticed a necrophage
  4958 | D:4      | Killed a necrophage
  5172 | D:4      | Acquired 348 gold pieces
  5179 | D:4      | Found Oply's Weapon Shoppe.
  5726 | D:3      | Bought an amulet of reflection for 420 gold pieces
  5786 | D:5      | Entered Level 5 of the Dungeon
  5828 | D:5      | Reached skill level 1 in Maces & Flails
  5828 | D:5      | Reached XP level 7. HP: 48/54 MP: 7/7
  5879 | D:5      | Noticed a water moccasin
  5889 | D:5      | Killed a water moccasin
  5890 | D:5      | Reached skill level 2 in Maces & Flails
  6346 | D:5      | Reached skill level 3 in Maces & Flails
  6352 | D:5      | Reached XP level 8. HP: 59/61 MP: 8/8
  6737 | D:5      | Reached skill level 1 in Shields
  6748 | D:5      | Reached skill level 4 in Maces & Flails
  7068 | D:6      | Reached skill level 1 in Stealth
  7086 | D:6      | Reached skill level 5 in Maces & Flails
  7179 | D:6      | Reached skill level 5 in Fighting
  7179 | D:6      | Reached XP level 9. HP: 68/68 MP: 9/9
  7478 | D:6      | Reached skill level 5 in Armour
  7548 | D:6      | Reached skill level 6 in Maces & Flails
  7740 | D:6      | Reached **** piety under Trog
  8262 | D:7      | Found a flagged portal.
  8283 | Bailey   | Entered a bailey
  8844 | Bailey   | Reached skill level 7 in Maces & Flails
  9001 | Bailey   | Reached XP level 10. HP: 26/76 MP: 10/10
  9681 | D:7      | Reached skill level 5 in Throwing
  9789 | D:7      | Found a staircase to the Ecumenical Temple.
  9799 | Temple   | Entered the Ecumenical Temple
 10452 | D:8      | Reached skill level 8 in Maces & Flails
 11041 | D:8      | Found Yrghuasmi's Antique Armour Boutique.
 11049 | D:8      | Bought a cloak for 139 gold pieces
 11112 | D:8      | Noticed a two-headed ogre
 11120 | D:8      | Killed a two-headed ogre
 11120 | D:8      | Reached ***** piety under Trog
 11184 | D:8      | Found a radiant altar of Vehumet.
 11213 | D:8      | Reached XP level 11. HP: 58/83 MP: 11/11
 11219 | D:8      | Reached skill level 9 in Maces & Flails
 11817 | D:9      | Noticed a cyclops
 11823 | D:9      | Killed a cyclops
 11962 | D:9      | Received a gift from Trog
 12182 | D:9      | Found a staircase to the Orcish Mines.
 12226 | Orc:1    | Entered Level 1 of the Orcish Mines
 12275 | Orc:1    | HP: 3/84 [troll (10)]
 12295 | Orc:1    | HP: 4/84 [poisoned by an orc warrior]
 12299 | Orc:1    | HP: 1/84 [poisoned by an orc warrior]
 12760 | Orc:1    | Reached skill level 10 in Maces & Flails
 12873 | Orc:1    | Found Puong's Self-Improvement Boutique.
 13717 | Orc:2    | Entered Level 2 of the Orcish Mines
 13727 | Orc:2    | Noticed Jorgrun
 13740 | Orc:2    | Killed from afar by Jorgrun

Illustrated notes

Levels and vault maps discovered:
D:1:      dpeg_arrival_simpleton_c, layout_basic,
          dreamdust_ecumenical_altar_grove
D:2:      minmay_inner_zag, layout_basic, minmay_misc_feat_x
D:3:      layout_rooms, serial_shops, shop, nicolae_shop_advertising_works
          [nicolae_subvault_shop_adworks], shop
D:4:      layout_loops_ring, serial_shops, nicolae_shop_bloodbath_and_beyond,
          kennysheep_nub
D:5:      layout_basic, small_statue_intersection, grunt_ministairs_2,
          kennysheep_generic_room_7
D:6:      layout_loops_corners
D:7:      layout_basic, minmay_temple_entry_poolview, enter_bailey_2
D:8:      layout_gridville, vehumet_altar_wand_db, serial_shops, shop,
          minivault_11
D:9:      layout_irregular_city, hiddenorc2_lemuel, kennysheep_generic_room_9
Temple:   mainiacjoe_temple_starburst
Orc:1:    layout_caves, nicolae_shop_self_help
Orc:2:    grunt_orc_community_town_hall, layout_caves,
          grunt_orc_community_big_house_2, grunt_orc_community_big_house_2,
          grunt_orc_community_house_1, grunt_orc_community_house_1,
          grunt_orc_community_house_1, grunt_orc_community_house_3, basic_altar,
          uniq_jorgrun

Skill      XL: |  1  2  3  4  5  6  7  8  9 10 11 |
---------------+----------------------------------+-----
Long Blades    | 4 |  4.8
Short Blades   | 1 2 |  2.0
Throwing       | 1 2 4 6 |  6.9
Armour         | 3 4 5 6 7 |  7.9
Fighting       | 4 5 6 7 |  7.6
Maces & Flails | 1 3 5 7 8 10 | 10.2
Shields        | 1 3 4 |  4.5
Stealth        | 1 |  1.1
Dodging        | |  2.6

Action                   |  1- 3 |  4- 6 |  7- 9 | 10-12 || total
-------------------------+-------+-------+-------+-------++-------
Melee: Falchion          |    30 |       |       |       ||    30
       Punch             |     3 |     1 |       |     4 ||     8
       Long sword        |    49 |   110 |       |       ||   159
       Dagger            |       |    56 |       |       ||    56
       Mace              |       |    40 |    78 |       ||   118
       Flail             |       |       |   154 |   325 ||   479
Throw: Stone             |     4 |       |       |       ||     4
       Boomerang         |       |    15 |    48 |   100 ||   163
Evoke: Wand              |       |       |       |     2 ||     2
  Use: Scroll            |       |    12 |     2 |     7 ||    21
       Potion            |       |     2 |     4 |     3 ||     9
Armor: Animal skin       |    15 |       |       |       ||    15
       Ring mail         |     1 |    24 |       |       ||    25
       Chain mail        |       |    38 |       |       ||    38
       Plate armour      |       |    15 |   147 |     3 ||   165
       Crystal plate arm |       |       |       |   230 ||   230
Dodge: Dodged            |    60 |    92 |    99 |    84 ||   335
Block: Other             |       |     4 |    61 |    72 ||   137
       Reflection        |       |       |     1 |     7 ||     8
